 Dungeon Crawl Stone Soup version 0.17-a0-1571-g3ed2ab2 (console) character file.

960 FIQ the Cudgeler (level 8, -1/42 HPs)
             Began as a Vine Stalker Wanderer on July 24, 2015.
             Slain by an orc warrior
             ... wielding a +0 war axe
              (7 damage)
             ... on level 5 of the Dungeon.
             The game lasted 00:18:03 (3457 turns).

FIQ the Cudgeler (Vine Stalker Wanderer)            Turns: 3457, Time: 00:18:03

Health: -1/42      AC:  8    Str: 13    XL:     8   Next: 14%
Magic:  0/9        EV:  7    Int: 10    God:
Gold:   266        SH:  0    Dex: 20    Spells: 0 memorised, 7 levels left

rFire  . . .     SeeInvis .     c - +3 mace
rCold  . . .     Clarity  .     d - +0 ring mail
rNeg   + . .     SustAt   .     (no shield)
rPois  .         Gourm    .     (helmet restricted)
rElec  .         Spirit   +     (no cloak)
rCorr  .         Warding  .     k - +0 pair of gloves
rMut   .         Stasis   .     l - +1 pair of boots
MR     +....                    (no amulet)
Stlth  +.........               e - -3 ring of evasion (curse)
                                s - ring of positive energy

@: somewhat resistant to hostile enchantments, very unstealthy
A: fangs 3, horns 1, regeneration 2, magic shield, antimagic bite, no device
heal 3, rot immunity
a: no special abilities


You were on level 5 of the Dungeon.
You were not hungry.

You visited 1 branch of the dungeon, and saw 5 of its levels.

You collected 266 gold pieces.

Inventory:

Hand weapons
 b - a +2 blowgun
 c - a +3 mace (weapon)
Missiles
 a - a curare-tipped needle
 g - 30 poisoned needles
Armour
 d - a +0 ring mail (worn)
 k - a +0 pair of gloves (worn)
 l - a +1 pair of boots (worn)
Jewellery
 e - a cursed -3 ring of evasion (right hand)
 f - an uncursed ring of protection from fire
 i - an uncursed ring of see invisible
 o - an uncursed ring of stealth
 p - a +4 ring of intelligence
 s - a ring of positive energy (left hand)
Scrolls
 h - a scroll of teleportation
 j - 4 scrolls of identify
 m - a scroll of fog
Books
 t - a book of the Tempests

   Spells                             Type                      Level
   a - Static Discharge               Conjuration/Air              3
   b - Lightning Bolt                 Conjuration/Air              5
   c - Fireball                       Conjuration/Fire             5
   d - Tornado                        Air                          9
   e - Shatter                        Earth                        9
Comestibles
 n - a beef jerky
 q - 2 chunks of flesh
 r - a fruit
 z - 2 bread rations


   Skills:
 - Level 4.5 Fighting
   Level 1.0(5.0) Axes
 * Level 7.9 Maces & Flails
 - Level 1.0 Throwing
 - Level 2.3 Armour
 - Level 1.0 Unarmed Combat
   Level 1.0 Evocations


You had 7 spell levels left.
You didn't know any spells.

Dungeon Overview and Level Annotations

Branches:
Dungeon (5/15)
 Temple: D:4-7

Altars:
Ashenzari
Elyvilon

Shops:
D:4 ?


Innate Abilities, Weirdness & Mutations

You have razor-sharp teeth.
You heal very quickly.
When hurt, damage is shared between your health and your magic reserves.
Your bite disrupts and absorbs the magic of your enemies.
Potions and wands cannot restore your health.
You are immune to rotting.
You have a pair of small horns on your head.


Message History

You bite the orc warrior, but do no damage.
The orc warrior is severely wounded.
The orc warrior hits you but does no damage.
You hit the orc warrior but do no damage.
The orc warrior is severely wounded.
The orc warrior hits you with a war axe.
You hit the orc warrior but do no damage.
You bite the orc warrior, but do no damage.
The orc warrior is severely wounded.
The orc warrior hits you with a war axe!
* * * LOW HITPOINT WARNING * * *
You are too injured to fight recklessly!
You are too injured to fight recklessly!
You are too injured to fight recklessly!
You hit the orc warrior. You bite the orc warrior. You drain its power.
You feel invigorated.
The orc warrior is almost dead.
You closely miss the orc warrior.
The orc warrior is almost dead.
The orc warrior hits you with a war axe!
You die...

#### ##...#
##.....##
#.......#
........#
......†@######
.#.....#oo...#..##
##...##o.<......#
##.# #.........#
#. #..$.%..... #
#..........
..........#
..#.........
.............
....#.....<.##


You could see an orc warrior and 2 orcs.

Vanquished Creatures
  Grinder (D:4)
  An orc warrior (D:3)
  2 ogres (D:4)
  Blork the orc (D:4)
  A gnoll shaman (D:4)
  2 orc priests (D:4)
  Ijyb (D:2)
  3 orc wizards
  2 adders
  10 gnolls
  A worm (D:3)
  3 giant geckos
  13 orcs
  A ball python (D:3)
  6 giant cockroaches
  14 goblins
  9 hobgoblins
  7 jackals
  7 kobolds
  A quokka (D:3)
  8 bats
  6 giant newts
  14 rats
114 creatures vanquished.

Notes
Turn   | Place    | Note
--------------------------------------------------------------
     0 | D:1      | FIQ the Vine Stalker Wanderer began the quest for the Orb.
     0 | D:1      | FIQ set off with: a curare-tipped needle, a +2 blowgun, a +0 mace, a +0 ring mail, a bread ration
     0 | D:1      | Reached XP level 1. HP: 14/14 MP: 2/2
    31 | D:1      | Reached skill level 1 in Maces & Flails
    34 | D:1      | Reached XP level 2. HP: 16/18 MP: 3/3
   396 | D:1      | Reached XP level 3. HP: 18/21 MP: 4/4
   979 | D:2      | Noticed Ijyb
   992 | D:2      | Killed Ijyb
   992 | D:2      | Reached XP level 4. HP: 12/26 MP: 2/5
  1060 | D:2      | Found a shattered altar of Ashenzari.
  1104 | D:2      | Reached XP level 5. HP: 15/30 MP: 3/6
  2268 | D:3      | Found a white marble altar of Elyvilon.
  2338 | D:4      | Noticed Blork the orc
  2349 | D:4      | HP: 1/30 [Blork the orc/broad axe (5)]
  2350 | D:4      | Killed Blork the orc
  2350 | D:4      | Gained mutation: You heal very quickly. [Vine Stalker growth]
  2350 | D:4      | Reached XP level 6. HP: 1/34 MP: 0/7
  2493 | D:4      | Gained mutation: You have a pair of small horns on your head. [potion of beneficial mutation]
  2507 | D:4      | Noticed an ogre
  2513 | D:4      | Killed an ogre
  2513 | D:4      | Reached skill level 5 in Maces & Flails
  2541 | D:4      | Noticed an orc warrior
  2744 | D:3      | Killed an orc warrior
  2808 | D:4      | Reached XP level 7. HP: 31/38 MP: 6/8
  2867 | D:4      | Reached skill level 6 in Maces & Flails
  2948 | D:4      | Noticed Grinder
  2964 | D:4      | Killed Grinder
  3014 | D:4      | Reached skill level 7 in Maces & Flails
  3033 | D:4      | Noticed an ogre
  3039 | D:4      | Killed an ogre
  3077 | D:4      | Gained mutation: You have razor-sharp teeth. [Vine Stalker growth]
  3077 | D:4      | Reached XP level 8. HP: 9/42 MP: 5/9
  3089 | D:4      | Found Vewuic Judd's Magic Scroll Shoppe.
  3430 | D:5      | Entered Level 5 of the Dungeon
  3457 | D:5      | Slain by an orc warrior

Vault maps used:
D:1:      erik_arrival_orb_chamber, grunt_decor_clamped
D:2:      nicolae_ashenzari_panopticon, serial_glass, glass_columns_c,
          glass_columns_a, glass_columns_c, glass_columns_a, glass_columns_a,
          glass_columns_b, glass_columns_b, glass_columns_a, uniq_iyjb
D:3:      nicolae_overflow_hidden_temple
D:4:      serial_shops, kennysheep_mini_moat, minivault_11,
          kennysheep_cross_room, guppyfry_early_orc_mine, uniq_grinder,
          uniq_blork_the_orc
D:5:      yredelemnul_forgotten_temple_becter, first_bread, uniq_edmund

Action                   |  1- 3 |  4- 6 |  7- 9 || total
-------------------------+-------+-------+-------++-------
Melee: Mace              |   120 |   182 |   108 ||   410
  Use: Scroll            |     2 |     3 |     3 ||     8
       Potion            |     1 |     4 |     1 ||     6
 Stab: Sleeping          |     1 |       |     1 ||     2
       Invisible         |       |     1 |       ||     1
  Eat: Chunk             |       |     6 |     3 ||     9
